 Dungeon Crawl Stone Soup version 0.29.1-15-g9cfb28693d (webtiles) character file.

Game seed: 15860048804923790341

15 Peloso the Trooper (level 2, 0/27 HPs)
             Began as a Minotaur Fighter on Feb 24, 2023.
             Slain by Natasha (1 damage)
             ... on level 2 of the Dungeon.
             The game lasted 00:01:00 (916 turns).

Peloso the Trooper (Minotaur Fighter)                Turns: 916, Time: 00:01:01

Health: 0/27       AC:  7    Str: 20    XL:     2   Next: 34%
Magic:  1/1        EV:  9    Int:  5    God:
Gold:   64         SH:  4    Dex:  9    Spells: 1/1 levels left

rFire   . . .      SeeInvis .   a - +0 long sword
rCold   . . .      Faith    .   d - +0 buckler
rNeg    . . .      Spirit   .   b - +0 scale mail
rPois   .          Reflect  .   (helmet restricted)
rElec   .          Harm     .   (no cloak)
rCorr   .          Rampage  .   (no gloves)
Will    .....                   (no boots)
Stlth   ..........              (no amulet)
HPRegen 0.09/turn               (no ring)
MPRegen 0.07/turn               (no ring)

@: no status effects
A: horns 2, retaliatory headbutt
a: no special abilities


You were on level 2 of the Dungeon.
You visited 1 branch of the dungeon, and saw 2 of its levels.

You collected 64 gold pieces.

Inventory:

Hand Weapons
 a - a +0 long sword (weapon)
Armour
 b - a +0 scale mail (worn)
 d - a +0 buckler (worn)
Jewellery
 c - an amulet of faith
Scrolls
 f - a scroll of blinking {unknown}
 g - a scroll of brand weapon {unknown}
Potions
 e - a potion of might
 h - a potion of degeneration {unknown}


   Skills:
 + Level 4.0 Fighting
 + Level 2.4 Long Blades
 + Level 3.9 Armour
 + Level 0.2 Dodging
 + Level 3.9 Shields


You had one spell level left.
You didn't know any spells.
Your spell library was empty.

Dungeon Overview and Level Annotations

Branches:
Dungeon (1/15)

Altars:

Annotations:
D:2 Natasha


Innate Abilities, Weirdness & Mutations

You have a pair of horns on your head.
You reflexively headbutt those who attack you in melee.


Message History

The jackal closely misses you.
You hit the jackal. Your headbutt misses the jackal.
The jackal is severely wounded.
The jackal bites you but does no damage.
The jackal closely misses you. You furiously retaliate!
You headbutt the jackal. You hit the jackal.
You kill the jackal!
Natasha mewls in sadness.
You block Natasha's attack.
You hit Natasha. Your headbutt misses Natasha.
Natasha is lightly wounded.
Natasha claws you but does no damage.
You hit Natasha.
Natasha is lightly wounded.
You block Natasha's attack.
You barely miss Natasha.
Natasha is lightly wounded.
Natasha claws you but does no damage. Natasha claws you.
You closely miss Natasha.
Natasha is lightly wounded.
Natasha claws you.
* * * LOW HITPOINT WARNING * * *
You hit Natasha.
Natasha is heavily wounded.
Natasha claws you.
* * * LOW HITPOINT WARNING * * *
Natasha barely misses you.
You hit Natasha but do no damage.
Natasha is heavily wounded.
Natasha claws you but does no damage.
You closely miss Natasha.
Natasha is heavily wounded.
Natasha claws you.
* * * LOW HITPOINT WARNING * * *
You closely miss Natasha.
Natasha is heavily wounded.
Natasha casts a spell.
Natasha claws you.
You die...

### ##.## ##.#.##
##5###.##
##@#####.#######
#h###...........
##.##.##.######.
##h#.#.## ##hh.# #
#####.##### .#
#...(.....## ##.###
#.....#.5...##......
#.#>..........#....##


You could see an iron imp (summoned) and Natasha.

Vanquished Creatures
  An endoplasm (D:1)
  3 goblins (D:1)
  A hobgoblin (D:1)
  4 jackals (D:2)
  2 kobolds (D:1)
  A rat (D:1)
12 creatures vanquished.

Notes
Turn   | Place    | Note
-------+----------+-------------------------------------------
     0 | D:1      | Peloso the Minotaur Fighter began the quest for the Orb.
     0 | D:1      | Reached XP level 1. HP: 19/19 MP: 0/0
   372 | D:1      | Found a faded altar of an unknown god.
   590 | D:1      | Reached skill level 4 in Fighting
   590 | D:1      | Reached XP level 2. HP: 8/27 MP: 1/1
   827 | D:1      | You fall into a shaft and drop 1 floor!
   883 | D:2      | Noticed Natasha
   886 | D:2      | Noticed a crimson imp
   915 | D:2      | HP: 1/27 [Natasha (3)]
   916 | D:2      | Slain by Natasha

Illustrated notes

Levels and vault maps discovered:
D:1:      tarquinn_simple_flora_water_c, layout_loops_ring,
          shapermc_ecumenical_altar_pompeii, chequers_serial_rivers_large_b
D:2:      layout_loops_ring, serial_shops, nicolae_shop_bloodbath_and_beyond,
          roderic_lattice_a, minmay_pentomino_u2, uniq_natasha

Skill      XL: |  1 |
---------------+----+-----
Fighting       | 4 |  4.0
Long Blades    | |  2.4
Armour         | |  3.9
Dodging        | |  0.2
Shields        | |  3.9

Action                   || total
-------------------------++-------
Melee: Long sword        ||    52
       Headbutt          ||     3
Armor: Scale mail        ||    34
Dodge: Dodged            ||    25
Block: Buckler           ||    10
